 Dungeon Crawl Stone Soup version 0.29.1-1-gd02db6906a (webtiles) character file.

Game seed: 3628603364319400040

113 EvilAshe the Chopper (level 4, -9/37 HPs)
             Began as a Palentonga Fighter on Sept 24, 2022.
             Killed by an exploding butterfly (26 damage)
             ... ignited by their inner flame
             ... on level 4 of the Dungeon.
             The game lasted 00:06:11 (2605 turns).

EvilAshe the Chopper (Palentonga Fighter)           Turns: 2605, Time: 00:06:12

Health: -9/37      AC:  8    Str: 23    XL:     4   Next: 65%
Magic:  4/4        EV:  7    Int:  9    God:
Gold:   168        SH:  4    Dex:  9    Spells: 3/3 levels left

rFire   . . .      SeeInvis +   a - +0 war axe
rCold   . . .      Faith    .   c - +0 buckler
rNeg    . . .      Spirit   .   b - +0 scale mail
rPois   .          Reflect  .   h - +0 helmet
rElec   .          Harm     .   (no cloak)
rCorr   .          Rampage  .   q - +0 pair of gloves
Will    .....                   (no barding)
Stlth   ..........              (no amulet)
HPRegen 0.12/turn               (no ring)
MPRegen 0.09/turn               (no ring)

@: no status effects
A: large, rugged brown scales 3, see invisible, deformed body, roll 1, armoured
tail
a: Rolling Charge


You were on level 4 of the Dungeon.
You visited 1 branch of the dungeon, and saw 4 of its levels.

You collected 168 gold pieces.

Inventory:

Hand Weapons
 a - a +0 war axe (weapon)
Missiles
 y - a throwing net
 z - 3 poisoned darts (quivered)
Armour
 b - a +0 scale mail (worn)
 c - a +0 buckler (worn)
 h - a +0 helmet (worn)
 q - a +0 pair of gloves (worn)
Jewellery
 k - an amulet of magic regeneration
 t - an amulet of faith
Scrolls
 g - a scroll of torment {unknown}
 l - a scroll of identify {unknown}
 m - a scroll of teleportation {unknown}
 p - a scroll of enchant weapon {unknown}
 r - a scroll of noise {unknown}
 s - a scroll of blinking {unknown}
 v - a scroll of vulnerability {unknown}
 x - a scroll of poison
Potions
 d - 5 potions of might
 i - a potion of curing {unknown}
 j - a potion of mutation {unknown}
 n - a potion of ambrosia {unknown}
 o - a potion of cancellation {unknown}
 u - a potion of brilliance {unknown}
 w - a potion of haste {unknown}


   Skills:
 - Level 3.0 Fighting
 * Level 5.0 Axes
 - Level 2.4 Armour
 - Level 2.6 Shields


You had 3 spell levels left.
You didn't know any spells.
Your spell library contained the following spells:

 Spells                   Type           Power      Damage    Failure   Level
 Beastly Appendage        Tmut           0%         N/A       78%         1
 Wereblood                Tmut           0%         N/A       89%         2
 Spider Form              Tmut/Pois      0%         N/A       98%         3


Dungeon Overview and Level Annotations

Branches:
Dungeon (4/15)
 Temple: D:4-7

Altars:

Shops:
D:3 [

Annotations:
D:4 Dowan, Duvessa


Innate Abilities, Weirdness & Mutations

You are completely covered in rugged brown scales. (AC +3, +7% HP)
You have supernaturally acute eyesight. (SInv)
Armour fits poorly on your strangely shaped body.
You can roll at nearby foes to attack.
You have a long armoured tail.


Message History

You climb upwards.
There is a stone staircase leading down here.
There is an open door here.
There is a stone staircase leading down here.
You climb downwards.
You hear the hiss of flowing sand.
There is an entrance to an ossuary on this level.
Hurry and find it before the portal is buried!
Level annotation: Dowan, Duvessa
Found a stone staircase leading down.
There is a stone staircase leading up here.
You closely miss the quokka. The quokka barely misses you.
You block the quokka's attack.
You slash the quokka!
You kill the quokka!
Your Axes skill increases to level 5!
There is a stone staircase leading up here.
The air fills with toxic fumes!
As you read the scroll labelled NUP SOIRGHU, it crumbles to dust.
It was a scroll of poison.
As you read the scroll labelled CUMEAVA TAYL, it crumbles to dust.
You hear the tinkle of a tiny bell.
It was a scroll of butterflies.
As you read the scroll labelled RONUFI UDEO, it crumbles to dust.
The creatures around you are filled with an inner flame!
It was a scroll of immolation.
Your butterfly is poisoned.
Your butterfly is engulfed in poison gas.
Your butterfly is poisoned.
Your butterfly disappears in a burst of colours!
Your butterfly explodes!
The fiery explosion engulfs your butterfly!!
Your butterfly disappears in a burst of colours!
Your butterfly explodes!
The fiery explosion engulfs your butterfly!
Your butterfly disappears in a burst of colours!
The fiery explosion engulfs you!!
Ouch! That really hurt!
Your butterfly explodes!
The fiery explosion engulfs you!!
Ouch! That really hurt!
You die...

#######§§§
#§@bb§§§§#
#§#####§§# #§# #.
#§# #e #§# ###.#
#§# #)..e #§#
#....## #§#
#....<#
#...............#


There were no monsters in sight!

Vanquished Creatures
  Robin (D:2)
  3 gnolls
  2 worms (D:2)
  A dart slug (D:1)
  3 ball pythons
  2 endoplasms
  2 giant cockroaches
  15 goblins
  8 hobgoblins
  2 jackals (D:1)
  2 quokkas
  7 bats
  2 frilled lizards
  5 kobolds
  5 rats
60 creatures vanquished.

Notes
Turn   | Place    | Note
-------+----------+-------------------------------------------
     0 | D:1      | EvilAshe the Palentonga Fighter began the quest for the
                  | Orb.
     0 | D:1      | Reached XP level 1. HP: 19/19 MP: 1/1
   235 | D:1      | Reached XP level 2. HP: 25/25 MP: 2/2
   315 | D:1      | Reached skill level 3 in Axes
   373 | D:1      | Found a faded altar of an unknown god.
   937 | D:2      | Reached XP level 3. HP: 26/31 MP: 3/3
  1658 | D:3      | Reached skill level 4 in Axes
  2192 | D:3      | Reached XP level 4. HP: 37/37 MP: 4/4
  2285 | D:3      | Noticed Robin
  2300 | D:2      | Killed Robin
  2518 | D:3      | Found Yskuejuc's Armour Shop.
  2570 | D:4      | Noticed Duvessa
  2571 | D:4      | Noticed Dowan
  2602 | D:4      | Reached skill level 5 in Axes
  2605 | D:4      | Killed by an exploding butterfly... ignited by their inner
                  | flame

Illustrated notes

Levels and vault maps discovered:
D:1:      dpeg_arrival_subterranean_lakeside_camping, layout_loops_ring,
          dreamdust_ecumenical_altar_statues
D:2:      layout_loops_ring
D:3:      layout_basic, serial_shops, nicolae_shop_crystal, uniq_robin
D:4:      layout_loops_ring, enter_ossuary_2, uniq_crazy_yiuf_cottage,
          uniq_duvessa, uniq_sigmund, uniq_menkaure, uniq_pikel

Skill      XL: |  1  2  3  4 |
---------------+-------------+-----
Axes           | 3 4 5 |  5.0
Fighting       | |  3.0
Armour         | |  2.4
Shields        | |  2.6

Action                   |  1- 3 |  4- 6 || total
-------------------------+-------+-------++-------
Melee: War axe           |   122 |    24 ||   146
       Tailslap          |    14 |     1 ||    15
Throw: Dart              |     9 |     1 ||    10
  Use: Scroll            |       |     3 ||     3
Armor: Scale mail        |    86 |    14 ||   100
Dodge: Dodged            |    59 |    16 ||    75
Block: Buckler           |    39 |    10 ||    49
